 Dungeon Crawl Stone Soup version 0.21.1-1-g345015fe64 (webtiles) character file.

42562 Peloso the Carver (level 13, -1/104 HPs)
             Began as a Demonspawn Fighter on June 20, 2018.
             Was the Champion of Okawaru.
             Killed from afar by an ogre mage (27 damage)
             ... with a bolt of lightning
             ... on level 2 of the Orcish Mines on June 21, 2018.
             The game lasted 00:47:48 (15451 turns).

Peloso the Carver (Demonspawn Fighter)             Turns: 15451, Time: 00:47:49

Health: -1/104     AC: 23    Str: 21    XL:     13   Next: 86%
Magic:  0/14       EV:  8    Int:  9    God:    Okawaru [******]
Gold:   1534       SH: 13    Dex: 19    Spells: 12/12 levels left

rFire    . . .     SeeInvis .   a - +2 double sword (drain)
rCold    . . .     Gourm    .   c - +0 shield
rNeg     . . .     Faith    .   s - +0 plate armour
rPois    +         Spirit   +   p - +1 helmet
rElec    .         Reflect  .   u - scarf {Spirit}
rCorr    .         Harm     .   I - +1 pair of gloves {Dex+3}
MR       .....                  (no boots)
Stlth    ..........             (no amulet)
HPRegen  0.67/turn              M - +2 ring of dexterity
MPRegen  0.14/turn              B - ring of poison resistance

@: very slightly contaminated
A: claws 2, iridescent scales 2, powered by death 1, regeneration 1, spiny 1
a: Heroism, Finesse, Renounce Religion


You were on level 2 of the Orcish Mines.
You worshipped Okawaru.
Okawaru was exalted by your worship.
You were hungry.

You visited 4 branches of the dungeon, and saw 20 of its levels.
You also visited: Sewer.

You collected 1534 gold pieces.

Inventory:

Hand Weapons
 a - a +2 double sword of draining (weapon)
 b - a +3 demon blade of venom
 t - a +4 long sword of draining
Armour
 c - a +0 shield (worn)
 p - a +1 helmet (worn)
 s - a +0 plate armour (worn)
 u - a scarf of spirit shield (worn)
 I - a +1 pair of gloves of dexterity (worn)
Jewellery
 g - an uncursed ring of see invisible
 r - a +5 ring of intelligence {unknown}
 B - a ring of poison resistance (right hand)
 L - an uncursed ring of protection from cold
 M - a +2 ring of dexterity (left hand)
Wands
 K - a wand of digging (16)
Scrolls
 i - 3 scrolls of identify
 k - 2 scrolls of blinking
 m - 7 scrolls of teleportation
 n - a scroll of silence
 o - 2 scrolls of amnesia
 w - 5 scrolls of remove curse
 E - 4 scrolls of fear
Potions
 d - 2 potions of might
 e - a potion of heal wounds
 h - 3 potions of invisibility
 j - a potion of cancellation
 l - 5 potions of flight
 z - 4 potions of agility
 C - 2 potions of berserk rage
 D - 2 potions of curing
 Q - a potion of haste
Comestibles
 f - 37 rations
 q - 6 chunks of flesh


   Skills:
 + Level 10.7 Fighting
 + Level 13.5 Long Blades
 + Level 9.6 Armour
 + Level 3.0 Dodging
 + Level 1.2 Stealth
 + Level 11.5 Shields
 + Level 2.6 Invocations
 + Level 0.3 Evocations


You had 12 spell levels left.
You didn't know any spells.

Dungeon Overview and Level Annotations

Branches:
Dungeon (13/15)            Temple (1/1) D:4            Lair (4/6) D:10
  Swamp (0/4) Lair:3          Orc (2/2) D:9
  Snake: Lair:2-4    Spider: Lair:2-4       Elf: Orc:2       Vaults: D:13-14

Altars:
Ashenzari
Cheibriados
Dithmenos
Elyvilon
Fedhas
Gozag
Hepliaklqana
Kikubaaqudgha
Makhleb
Nemelex Xobeh
Okawaru
Qazlal
Ru
Sif Muna
Trog
Uskayaw
Vehumet
Wu Jian
Xom
Yredelemnul
Zin
The Shining One

Shops:
Orc:2 :}


Innate Abilities, Weirdness & Mutations

You have very sharp fingernails.
You are mostly covered in iridescent scales. (AC +4)
You regenerate a little health from kills.
You are partially covered in sharp spines.
Your natural rate of healing is unusually fast.


Message History

* * * LOW HITPOINT WARNING * * *
You block the orc's attack.
The orc warlord roars a battlecry!
The orc goes into a battle-frenzy!
The ogre mage casts a spell at the two-headed ogre.
The two-headed ogre seems to speed up.
The ogre moves out of view.
You hear two shouts!
You hear a shout!
You slash the orc!
You kill the orc!
Okawaru accepts your kill.
The ogre mage hits you but does no damage.
Unknown command.
Blink to where?
Press: ? - help, Dir - move target cursor You are very lightly contaminated with residual magic.
As you read the scroll of blinking, it crumbles to dust.
You hear a distant blaring wail to the northwest.
The ogre mage gestures at you while chanting.
The bolt of lightning hits you!
You die...

##..........#...#
####..............#
#.###.............#
##.......O........##
.#.......##........##
.........##.........##
........###..........###
........# ##...........###
.......## ##.)..@.....##.##
......## ##.))).........<.#
......#. #............##..##
........ #...........####..##
...................#####....##
))................####.......##
))................###.........#
).#..............##...........###
### ...........###..........###.#


You could see an ogre mage.

Vanquished Creatures
  The ghost of Hercules1031 the Fighter, a journeyman VSFi of Ashenzari (Orc:2)
  The ghost of Enjoyment the Spear-Bearer, a journeyman MiGl of Trog (D:11)
  Harold (Lair:1)
  2 hydras
  9 two-headed ogres
  A centaur warrior (D:13)
  A death knight (D:13)
  An unseen horror (D:13)
  2 deep trolls (Orc:2)
  A deep elf mage (D:13)
  2 cyclopes (Orc:2)
  A faun (Lair:3)
  2 black mambas
  2 gargoyles
  4 spiny frogs
  3 komodo dragons
  2 tengu conjurers
  13 trolls
  A hornet (D:13)
  4 hippogriffs
  9 slime creatures (D:13)
  3 vampires
  The ghost of mezla the Fighter, an amateur GnWn (D:3)
  13 yaks
  2 shadows
  A water elemental (D:13)
  A wraith (D:11)
  2 wyverns
  A hungry ghost (D:13)
  7 vampire mosquitoes
  A warg (D:9)
  7 water moccasins
  Purgy (Sewer)
  3 porcupines (Lair:1)
  2 ice beasts
  2 sky beasts
  16 orc warriors
  A black bear (D:9)
  2 necrophages (D:11)
  2 eyes of draining
  5 phantoms
  14 centaurs
  24 wolves (Lair:3)
  21 ogres
  2 big kobolds
  9 crocodiles
  16 bullfrogs
  A gnoll sergeant (D:11)
  4 scorpions
  A wyvern skeleton (D:13)
  13 killer bees
  13 wights
  4 electric eels (D:13)
  2 howler monkeys
  7 crimson imps
  6 jellies
  5 bullfrog zombies
  23 orc wizards
  A bullfrog skeleton (D:5)
  9 orc priests
  13 hounds
  2 centaur skeletons
  2 iguanas
  12 worker ants
  A killer bee zombie (D:9)
  A hound zombie (D:7)
  2 worker ant zombies
  12 adders
  8 gnolls
  2 river rats (D:5)
  3 howler monkey skeletons
  3 shadow imps
  6 oozes
  3 adder skeletons
  2 adder zombies
  5 worms
  3 dart slugs
  5 leopard geckos
  75 orcs
  5 ball pythons
  7 bats
  5 giant cockroaches
  4 goblins
  7 hobgoblins
  12 jackals
  4 quokkas
  2 frilled lizards (D:2)
  20 kobolds
  A quokka skeleton (D:4)
  7 rats
545 creatures vanquished.

Notes
Turn   | Place    | Note
-------+----------+-------------------------------------------
     0 | D:1      | Peloso the Demonspawn Fighter began the quest for the Orb.
     0 | D:1      | Reached XP level 1. HP: 18/18 MP: 1/1
   216 | D:1      | Reached skill level 2 in Long Blades
   236 | D:1      | Gained mutation: You are partially covered in iridescent scales. (AC +2) [demonic ancestry]
   236 | D:1      | Reached XP level 2. HP: 23/24 MP: 2/2
   821 | D:2      | Gained mutation: You have sharp fingernails. [demonic ancestry]
   821 | D:2      | Reached XP level 3. HP: 29/29 MP: 3/3
  1108 | D:2      | Found a deep blue altar of Sif Muna.
  1278 | D:3      | Found a faded altar of an unknown god.
  1458 | D:3      | Noticed mezla's ghost (amateur GnWn)
  1486 | D:3      | Killed mezla's ghost
  1486 | D:3      | Reached skill level 3 in Long Blades
  1486 | D:3      | Gained mutation: You are mostly covered in iridescent scales. (AC +4) [demonic ancestry]
  1486 | D:3      | Reached XP level 4. HP: 6/37 MP: 4/4
  1486 | D:3      | Reached XP level 5. HP: 6/42 MP: 5/5
  2287 | D:3      | Reached skill level 1 in Dodging
  2288 | D:3      | Gained mutation: You have very sharp fingernails. [demonic ancestry]
  2288 | D:3      | Reached XP level 6. HP: 41/48 MP: 6/6
  2466 | D:4      | Reached skill level 4 in Long Blades
  2617 | D:4      | Found a staircase to the Ecumenical Temple.
  2676 | Temple   | Entered the Ecumenical Temple
  2859 | Temple   | Became a worshipper of Warmaster Okawaru
  3116 | D:4      | Reached XP level 7. HP: 51/54 MP: 7/7
  3303 | D:4      | Reached * piety under Okawaru
  3486 | D:5      | Entered Level 5 of the Dungeon
  3577 | D:5      | Reached skill level 5 in Long Blades
  3593 | D:5      | Found a white marble altar of Elyvilon.
  3593 | D:5      | Found a faded altar of an unknown god.
  3599 | D:5      | Found a hide-covered altar of Uskayaw.
  3601 | D:5      | Found a bloodstained altar of Trog.
  3602 | D:5      | Found a glowing silver altar of Zin.
  3707 | D:5      | Gained mutation: Your muscles are strong. (Str +2) [potion of mutation]
  3707 | D:5      | Lost mutation: Your muscles are strong. (Str +2) [potion of mutation]
  3707 | D:5      | Gained mutation: Your natural rate of healing is unusually fast. [potion of mutation]
  3820 | D:5      | Reached XP level 8. HP: 18/61 MP: 8/8
  3825 | D:5      | Found a glowing drain.
  3892 | Sewer    | Entered a sewer
  3961 | Sewer    | Reached skill level 5 in Shields
  4015 | Sewer    | Noticed Purgy
  4046 | Sewer    | Killed Purgy
  4131 | D:5      | Reached skill level 6 in Long Blades
  4264 | D:5      | Noticed a troll
  4281 | D:5      | Killed a troll
  4281 | D:5      | Reached ** piety under Okawaru
  4298 | D:5      | Found an opulent altar of Gozag.
  4802 | D:6      | Reached skill level 5 in Armour
  5095 | D:6      | Reached skill level 5 in Fighting
  5199 | D:6      | Reached skill level 7 in Long Blades
  5207 | D:6      | Reached XP level 9. HP: 19/68 MP: 9/9
  5398 | D:6      | Reached *** piety under Okawaru
  5475 | D:6      | Found a shimmering altar of Xom.
  5947 | D:7      | Found a shattered altar of Ashenzari.
  6394 | D:8      | Noticed a two-headed ogre
  6415 | D:8      | Killed a two-headed ogre
  6415 | D:8      | Reached skill level 8 in Long Blades
  6444 | D:8      | Reached skill level 1 in Invocations
  6444 | D:8      | Reached XP level 10. HP: 52/76 MP: 8/11
  6471 | D:8      | Got a smelly ring mail
  6551 | D:8      | Identified the +0 ring mail of the Ward {rElec rN+ Str-3 Dex+4} (You found it on level 8 of the Dungeon)
  6604 | D:8      | Found an ornate altar of the Wu Jian Council.
  6641 | D:8      | Reached **** piety under Okawaru
  7153 | D:9      | Noticed a two-headed ogre
  7165 | D:9      | Killed a two-headed ogre
  7165 | D:9      | Reached skill level 9 in Long Blades
  7244 | D:9      | Found a staircase to the Orcish Mines.
  7289 | D:9      | Found an ancient bone altar of Kikubaaqudgha.
  7548 | D:9      | Noticed a two-headed ogre
  7554 | D:9      | Reached ***** piety under Okawaru
  7570 | D:9      | Killed a two-headed ogre
  7778 | D:10     | Entered Level 10 of the Dungeon
  7778 | D:10     | Noticed a gargoyle
  7791 | D:10     | Killed a gargoyle
  8300 | D:9      | Gained mutation: You are partially covered in sharp spines. [demonic ancestry]
  8300 | D:9      | Reached XP level 11. HP: 80/84 MP: 12/12
  8348 | D:10     | Reached skill level 10 in Long Blades
  8577 | D:10     | Received a gift from Okawaru
  8660 | D:10     | Found a staircase to the Lair.
  8931 | D:11     | Noticed a five-headed hydra
  8947 | D:11     | Killed a 13-headed hydra
  8947 | D:11     | Received a gift from Okawaru
  9705 | D:11     | Noticed Enjoyment's ghost (journeyman MiGl)
  9754 | D:11     | Killed Enjoyment's ghost
  9754 | D:11     | Reached skill level 11 in Long Blades
 10593 | D:12     | Gained mutation: You regenerate a little health from kills. [demonic ancestry]
 10593 | D:12     | Reached XP level 12. HP: 91/94 MP: 11/13
 10627 | D:12     | Noticed a two-headed ogre
 10636 | D:12     | Killed a two-headed ogre
 10636 | D:12     | Received a gift from Okawaru
 11437 | D:13     | Noticed a death knight
 11458 | D:13     | HP: 2/95 [death knight/great mace (19)]
 11460 | D:13     | Killed a death knight
 11628 | D:13     | Reached skill level 10 in Shields
 11641 | D:13     | Reached skill level 12 in Long Blades
 11684 | D:13     | Noticed a centaur warrior
 11693 | D:13     | Killed a centaur warrior
 11693 | D:13     | Reached ****** piety under Okawaru
 11698 | D:13     | Reached skill level 1 in Stealth
 11925 | D:13     | Received a gift from Okawaru
 12318 | Lair:1   | Entered Level 1 of the Lair of Beasts
 12416 | Lair:1   | Noticed Harold
 12436 | Lair:1   | Killed Harold
 12436 | Lair:1   | Received a gift from Okawaru
 12862 | Lair:2   | Reached skill level 10 in Fighting
 12873 | Lair:2   | Reached XP level 13. HP: 86/103 MP: 11/14
 13829 | Lair:3   | Found a staircase to the Swamp.
 14533 | Lair:4   | Reached skill level 13 in Long Blades
 14653 | Orc:1    | Entered Level 1 of the Orcish Mines
 15113 | Orc:2    | Entered Level 2 of the Orcish Mines
 15113 | Orc:2    | Noticed Hercules1031's ghost (journeyman VSFi)
 15114 | Orc:2    | Found Imum's Gadget Shoppe.
 15157 | Orc:2    | Killed Hercules1031's ghost
 15157 | Orc:2    | Received a gift from Okawaru
 15188 | Orc:2    | Found an iron altar of Okawaru.
 15334 | Orc:2    | Found Oceviut's Book Shoppe.
 15415 | Orc:2    | Received a gift from Okawaru
 15418 | Orc:2    | Noticed an orc warlord
 15451 | Orc:2    | Killed from afar by an ogre mage

Skill      XL: |  1  2  3  4  5  6  7  8  9 10 11 12 13 |
---------------+----------------------------------------+-----
Long Blades    | 2 3 4 5 7 8 9 11 12 13 | 13.5
Armour         | 3 4 5 6 7 8 9 |  9.6
Shields        | 3 4 5 7 8 9 10 11 | 11.5
Dodging        | 1 2 3 |  3.0
Fighting       | 4 5 6 7 8 10 | 10.7
Invocations    | 1 2 |  2.6
Stealth        | 1 |  1.2
Evocations     | |  0.3

Action                   |  1- 3 |  4- 6 |  7- 9 | 10-12 | 13-15 || total
-------------------------+-------+-------+-------+-------+-------++-------
Melee: Long sword        |   128 |   190 |   674 |   606 |       ||  1598
       Demon blade       |       |       |       |   306 |   229 ||   535
       Double sword      |       |       |       |       |   118 ||   118
Invok: Heroism           |       |       |     3 |    10 |     4 ||    17
       Finesse           |       |       |       |     1 |       ||     1
Evoke: Wand              |       |       |       |     3 |       ||     3
  Use: Scroll            |     5 |       |     1 |    16 |     3 ||    25
       Potion            |     1 |       |     5 |     4 |       ||    10
 Stab: Invisible         |       |       |     4 |       |       ||     4
  Eat: Chunk             |     2 |     5 |    13 |    21 |     9 ||    50
Armor: Scale mail        |    58 |    92 |       |       |       ||   150
       Chain mail        |       |    20 |   188 |       |       ||   208
       Plate armour      |       |       |   233 |   413 |   238 ||   884
Dodge: Dodged            |    34 |    47 |   171 |   172 |   125 ||   549
Block: Shield            |    53 |   117 |   382 |   504 |   299 ||  1355
       Rpst.: Long sword |     8 |    18 |    54 |    33 |       ||   113
       Demon blade       |       |       |       |    13 |    23 ||    36
       Double sword      |       |       |       |       |     4 ||     4
